 Dungeon Crawl Stone Soup version 0.30.1-11-g7821555f0a (webtiles) character file.

Game seed: 5538145751981880906

33 ChrisAssaf the Shooter (level 3, 0/30 HPs)
             Began as a Hill Orc Hunter on Dec 22, 2023.
             Slain by an orc wizard
             ... wielding a +0 dagger
              (1 damage)
             ... on level 2 of the Dungeon.
             The game lasted 00:03:33 (961 turns).

ChrisAssaf the Shooter (Hill Orc Hunter)             Turns: 961, Time: 00:03:34

Health: 0/30       AC:  3    Str: 13    XL:     3   Next: 29%
Magic:  3/3        EV: 11    Int: 11    God:
Gold:   137        SH:  0    Dex: 14    Spells: 2/2 levels left

rFire   . . .        a - +0 shortbow
rCold   . . .        (shield currently unavailable)
rNeg    . . .        c - +0 leather armour
rPois   .            (no helmet)
rElec   .            (no cloak)
rCorr   .            (no gloves)
SInv    .            (no boots)
Will    .....        (no amulet)
Stlth   +            (no ring)
HPRegen 0.25/turn    (no ring)
MPRegen 0.08/turn

%: no passive effects
@: no status effects
A: no striking features
a: no special abilities


You were on level 2 of the Dungeon.
You visited 1 branch of the dungeon, and saw 3 of its levels.

You collected 137 gold pieces.

Inventory:

Hand Weapons
 a - a +0 shortbow (weapon)
Armour
 c - a +0 leather armour (worn)
Scrolls
 b - a scroll of immolation
Potions
 d - a potion of degeneration
 f - a potion of magic {unknown}
 g - a potion of mutation {unknown}
 h - a potion of curing


   Skills:
 * Level 2.6 Fighting
 * Level 4.0 Ranged Weapons
 * Level 1.0 Armour
 * Level 1.7 Dodging
 * Level 1.1 Stealth
 * Level 0.4 Spellcasting


You had 2 spell levels left.
You didn't know any spells.
Your spell library contained the following spells:

 Spells                   Type           Power      Damage    Failure   Level
 Vhi's Electric Charge    Tloc/Air       0%         N/A       78%         3
 Arcjolt                  Conj/Air       0%         1d10      100%        5
 Maxwell's Capacitive Co  Air            0%         ∞         100%        8


Dungeon Overview and Level Annotations

Branches:
Dungeon (3/15)

Altars:
Trog


Message History

Something hits you but does no damage.
Unknown command.
The orc hits you with a +0 dagger. The orc hits you with a +0 club.
Something hits you.
In your confused state, you trip and fall back down the stairs.
The orc hits you but does no damage. The orc hits you with a +0 club.
Something hits you.
Unknown command.
The orc hits you with a +0 dagger. The orc hits you but does no damage.
Something hits you.
You climb upwards.
Reactivating autopickup.
There is a stone staircase leading down here.
You bump into the rock wall.
The orc hits you with a +0 club.
* * * LOW HITPOINT WARNING * * *
Something hits you.
* * * LOW HITPOINT WARNING * * *
Deactivating autopickup; reactivate with Ctrl-A.
The orc hits you with a +0 dagger.
* * * LOW HITPOINT WARNING * * *
You feel better. The orc hits you but does no damage. Something hits you.
* * * LOW HITPOINT WARNING * * *
The orc misses you.
You feel better. The orc hits you but does no damage. Something hits you.
The orc misses you.
Really read the scroll of poison?
The air fills with toxic fumes!
As you read the scroll of poison, it crumbles to dust.
The orc barely misses you.
You hear some strange, mumbled words.
A magic dart appears from out of thin air!
The magic dart hits you. The orc hits you with a +0 dagger.
Unknown command.
You shoot an arrow. The orc hits you with a +0 club.
You hear some strange, mumbled words.
A magic dart appears from out of thin air!
The magic dart hits you!
* * * LOW HITPOINT WARNING * * *
The orc hits you but does no damage. The orc misses you. Something hits you.
You die...

...##......[.......#
...##....§§§§§§§§§§# #####
...##....§§§§§§§§§§###...#
....#....§§§§#§§§§§§§....#
....###..§§§§§§§§§§§.....#
....######§§§§§§§§§......#
.........§§§§§§§§§...#.###
.........)#§§§§§o#####...#
..........#§§§§{@#.....#.###
..........#§§§§o§#.###.#...#
#.........#§§§§§§#...#.###.#
#.......###§§§§§§##....###.#
######### #§§§§§§§....#....#
#§§§§§§#.#..#.####
#§§§§§##....#..#
######......##.# #.#.......#


You could see 2 orcs.

Vanquished Creatures
  2 orcs
  3 ball pythons
  3 endoplasms
  A giant cockroach (D:1)
  2 goblins (D:1)
  4 hobgoblins
  2 quokkas
  4 bats
  A frilled lizard (D:1)
  3 kobolds
  5 rats
30 creatures vanquished.

Notes
Turn   | Place    | Note
-------+----------+-------------------------------------------
     0 | D:1      | ChrisAssaf the Hill Orc Hunter began the quest for the Orb.
     0 | D:1      | Reached XP level 1. HP: 18/18 MP: 1/1
    59 | D:1      | Reached XP level 2. HP: 25/25 MP: 2/2
   193 | D:2      | Reached skill level 1 in Stealth
   193 | D:2      | Found a bloodstained altar of Trog.
   398 | D:2      | Reached skill level 1 in Armour
   467 | D:2      | Reached skill level 4 in Ranged Weapons
   793 | D:1      | Reached XP level 3. HP: 18/30 MP: 3/3
   961 | D:2      | HP: 1/30 [something/magic dart (11)]
   961 | D:2      | Slain by an orc wizard

Illustrated notes

Levels and vault maps discovered:
D:1:      elethiomel_arrival_shortcut, layout_basic
D:2:      layout_basic, basic_altar
D:3:      layout_rooms

Skill      XL: |  1  2 |
---------------+-------+-----
Stealth        | 1 |  1.1
Armour         | 1 |  1.0
Ranged Weapons | 4 |  4.0
Fighting       | |  2.6
Dodging        | |  1.7
Spellcasting   | |  0.4

Action                     || total
---------------------------++-------
   Fire: Shortbow          ||    97
    Use: Scroll            ||     5
         Potion            ||     2
 Armour: Leather armour    ||    43
  Dodge: Dodged            ||    52
